 Dungeon Crawl Stone Soup version 0.29.1-4-g47bece8355 (webtiles) character file.

Game seed: 12055546765077000728

56 Anriel the Magician (level 3, -3/19 HPs)
             Began as a Deep Elf Air Elementalist on Dec 2, 2022.
             Slain by Terence
             ... wielding a +0 trident
              (7 damage)
             ... on level 2 of the Dungeon.
             The game lasted 00:15:38 (1680 turns).

Anriel the Magician (Deep Elf Air Elementalist)     Turns: 1680, Time: 00:15:39

Health: -3/19      AC:  4    Str:  5    XL:     3   Next: 69%
Magic:  2/10       EV: 13    Int: 21    God:
Gold:   952        SH:  0    Dex: 17    Spells: 2/9 levels left

rFire   x . .      SeeInvis .   d - +4 dagger (venom)
rCold   + + .      Faith    .   (no shield)
rNeg    + + .      Spirit   .   a - +0 robe
rPois   .          Reflect  .   (no helmet)
rElec   .          Harm     .   (no cloak)
rCorr   .          Rampage  .   g - +1 pair of gloves
Will    .....                   (no boots)
Stlth   ++........              (no amulet)
HPRegen 0.06/turn               i - ring of protection from cold
MPRegen 0.12/turn               o - ring "Xacziguc" {Ice rN++ Dex+2}

@: swift, quick
A: no striking features
a: no special abilities


You were on level 2 of the Dungeon.
You visited 1 branch of the dungeon, and saw 2 of its levels.

You collected 1238 gold pieces.
You spent 286 gold pieces at shops.

Inventory:

Hand Weapons
 d - a +4 dagger of venom (weapon)
Armour
 a - a +0 robe (worn)
 g - a +1 pair of gloves (worn)
Jewellery
 i - a ring of protection from cold (left hand)
 n - a ring of protection from cold
 o - the ring "Xacziguc" (right hand) {Ice rN++ Dex+2}
   (You acquired it on level 2 of the Dungeon)

   [ring of ice]

   It enhances your ice magic.
   Dex:       It affects your dexterity (+2).
   rF:        It makes you vulnerable to fire.
   rC:        It protects you from cold.
   rN:        It greatly protects you from negative energy.
Scrolls
 e - a scroll of fear {unknown}
 m - a scroll of enchant armour {unknown}
Potions
 b - a potion of magic
 c - a potion of brilliance
 f - a potion of flight
 h - a potion of curing {unknown}
 j - a potion of might
 k - a potion of degeneration {unknown}
 l - a potion of heal wounds


   Skills:
 + Level 0.1 Short Blades
 * Level 3.0 Dodging
 + Level 2.5 Stealth
 + Level 3.7 Spellcasting
 + Level 1.8 Conjurations
 * Level 3.7 Air Magic


You had 2 spell levels left.
You knew the following spells:

 Your Spells              Type           Power      Damage    Failure   Level
a - Shock                 Conj/Air       60%        1d6       4%          1
b - Static Discharge      Conj/Air       15%        3-5/arc   6%          2
c - Swiftness             Air            19%        N/A       9%          3
d - Freeze                Ice            20%        1d4       12%         1

Your spell library contained the following spells:

 Spells                   Type           Power      Damage    Failure   Level
 Necrotise                Necr           12%        1d4       12%         1
 Airstrike                Air            9%         2d(2-18)  26%         4
 Frozen Ramparts          Ice            10%        1d2       36%         3
 Ozocubu's Armour         Ice            5%         N/A       36%         3
 Vampiric Draining        Necr           3%         2d6       36%         3
 Hailstorm                Conj/Ice       11%        3d5       63%         4
 Agony                    Necr           3%         N/A       98%         5
 Ozocubu's Refrigeration  Ice            2%         4d8       100%        7


Dungeon Overview and Level Annotations

Branches:
Dungeon (2/15)

Altars:

Shops:
D:1 :

Annotations:
D:2 Terence


Message History

Aiming: Shock (safe; 4% risk of failure)
Press: ? - help, Shift-Dir - straight line, f/p - Terence
Aim: Terence, wielding a +0 trident and wearing a +0 scale mail (moderately wounded, 75% to hit)
The zap hits Terence but does no damage.
Terence is moderately wounded.
Casting: Shock (safe; 4% risk of failure)
Confirm with . or Enter, or press ? or * to list all spells.
Aiming: Shock (safe; 4% risk of failure)
Press: ? - help, Shift-Dir - straight line, f/p - Terence
Aim: Terence, wielding a +0 trident and wearing a +0 scale mail (moderately wounded, 75% to hit)
The zap misses Terence.
An orc comes into view. It is wielding a +4 short sword.
Casting: Shock (safe; 4% risk of failure)
Confirm with . or Enter, or press ? or * to list all spells.
Aiming: Shock (safe; 4% risk of failure)
Press: ? - help, Shift-Dir - straight line, f/p - Terence
Aim: Terence, wielding a +0 trident and wearing a +0 scale mail (moderately wounded, 75% to hit)
The zap hits Terence.
Terence is moderately wounded.
The zap hits the orc.
The orc is heavily wounded.
A rat comes into view.
Casting: Shock (safe; 4% risk of failure)
Confirm with . or Enter, or press ? or * to list all spells.
Aiming: Shock (safe; 4% risk of failure)
Press: ? - help, Shift-Dir - straight line, f/p - Terence
Aim: Terence, wielding a +0 trident and wearing a +0 scale mail (moderately wounded, 75% to hit)
The zap hits Terence.
Terence is heavily wounded.
The zap misses the orc.
The zap hits the rat.
You kill the rat!
Terence hits you from afar with a +0 trident.
Casting: Shock (safe; 4% risk of failure)
Confirm with . or Enter, or press ? or * to list all spells.
The spell is extremely dangerous to miscast (9% risk of failure)!
Continue anyway?
You feel quick.
Terence hits you from afar with a +0 trident!
* * * LOW HITPOINT WARNING * * *
Terence hits you from afar with a +0 trident!
You die...

......# ......#
####### . ......#
####.....###....
......#
#..'.....'.....†
......#
#.##.....####...
......# #.##...o.#
......#######.##.<@..#
..............##.....#
..##############@....#
).............†††....#
.###.........##)#+####
..##.........##.#
...+.........+...
####.........##.#.
#.........##.#.#
#.........##.# #
####.........##.#


You could see Terence and an orc.

Vanquished Creatures
  2 dart slugs (D:1)
  4 ball pythons (D:1)
  2 bats (D:1)
  3 endoplasms (D:1)
  A giant cockroach (D:1)
  5 goblins
  6 hobgoblins
  7 jackals
  3 kobolds (D:1)
  3 quokkas
  2 frilled lizards
  3 rats
  A spectral hobgoblin (D:1)
42 creatures vanquished.

Notes
Turn   | Place    | Note
-------+----------+-------------------------------------------
     0 | D:1      | Anriel the Deep Elf Air Elementalist began the quest for
                  | the Orb.
     0 | D:1      | Reached XP level 1. HP: 10/10 MP: 6/6
   107 | D:1      | Found a faded altar of an unknown god.
   206 | D:1      | Reached XP level 2. HP: 12/15 MP: 2/8
   283 | D:1      | Learned a level 2 spell: Static Discharge
   692 | D:1      | Reached XP level 3. HP: 18/19 MP: 10/10
   696 | D:1      | Learned a level 3 spell: Swiftness
   724 | D:1      | Found Foab's Book Emporium.
  1142 | D:1      | Identified a scroll of acquirement
  1142 | D:1      | Acquired 1198 gold pieces
  1586 | D:2      | Acquired the ring "Xacziguc" {Ice rN++ Dex+2}
  1626 | D:1      | Bought a book of Frost for 286 gold pieces
  1628 | D:1      | Learned a level 1 spell: Freeze
  1667 | D:2      | Noticed Terence
  1680 | D:2      | Slain by Terence

Illustrated notes

Levels and vault maps discovered:
D:1:      lightli_arrival_quake, layout_basic, serial_shops,
          nicolae_shop_window_shopping,
          dreamdust_ecumenical_altar_drowned_temple
D:2:      layout_basic, minmay_split_cup_small, uniq_terence

Skill      XL: |  1  2  3 |
---------------+----------+-----
Dodging        | 3 |  3.0
Short Blades   | |  0.1
Stealth        | |  2.5
Spellcasting   | |  3.7
Conjurations   | |  1.8
Air Magic      | |  3.7

Action                   || total
-------------------------++-------
Melee: Dagger            ||    10
 Cast: Shock             ||    77
       Static Discharge  ||     1
       Swiftness         ||     1
  Use: Scroll            ||     8
Armor: Robe              ||     2
Dodge: Dodged            ||     9
